 Dungeon Crawl Stone Soup version 0.31.0-32-g396128a36d (webtiles) character file.

Game seed: 13353472829134523271

3283 Peloso the Carver (level 9, -8/79 HPs)
             Began as a Minotaur Fighter on Mar 29, 2024.
             Was a Follower of Okawaru.
             Mangled by an orc warrior
             ... wielding a +0 broad axe
              (11 damage)
             ... on level 8 of the Dungeon.
             The game lasted 00:12:14 (8007 turns).

Peloso the Carver (Minotaur Fighter)                Turns: 8007, Time: 00:12:15

Health: -8/79      AC: 15    Str: 21    XL:     9   Next: 69%
Magic:  8/8        EV:  7    Int:  5    God:    Okawaru [*.....]
Gold:   1107       SH:  5    Dex: 14    Spells: 8/8 levels left

rFire   . . .        a - +0 scimitar
rCold   . . .        d - +0 buckler
rNeg    . . .        p - +0 plate armour
rPois   .            (helmet restricted)
rElec   .            c - +0 cloak
rCorr   +            (no gloves)
SInv    .            (no boots)
Will    .....        (no amulet) Stlth
                     o - ring of resist corrosion
HPRegen 0.33/turn    (no ring)
MPRegen 0.11/turn

%: no passive effects
@: no status effects
A: horns 2, retaliatory headbutt
a: Renounce Religion, Heroism


You were on level 8 of the Dungeon.
You worshipped Okawaru.
Okawaru was aware of your devotion.
You visited 2 branches of the dungeon, and saw 10 of its levels.

You collected 1107 gold pieces.

Inventory:

Hand Weapons
 a - a +0 scimitar (weapon)
 b - a +0 whip of flaming
Armour
 c - a +0 cloak (worn)
 d - a +0 buckler (worn)
 p - a +0 plate armour (worn)
Jewellery
 o - a ring of resist corrosion (left hand)
 z - a ring of see invisible
Talismans
 q - a blade talisman
Wands
 n - a wand of paralysis (8)
 r - a wand of polymorph (11)
 x - a wand of quicksilver (9)
 y - a wand of flame (15)
Scrolls
 e - a scroll of fear {unknown}
 g - 2 scrolls of poison
 h - a scroll of blinking
 k - a scroll of enchant armour {unknown}
 u - 2 scrolls of noise
Potions
 f - a potion of might
 i - a potion of berserk rage
 j - a potion of resistance
 l - a potion of heal wounds
 m - a potion of magic {unknown}
 t - 5 potions of curing {unknown}
 v - a potion of ambrosia {unknown}
 w - a potion of attraction


   Skills:
 + Level 7.0 Fighting
 + Level 10.8 Long Blades
 + Level 9.0 Armour
 + Level 2.3 Dodging
 + Level 2.6 Stealth
 + Level 6.5 Shields
 + Level 0.4 Evocations


You had 8 spell levels left.
You didn't know any spells.
Your spell library contained the following spells:

 Spells                   Type           Power      Damage    Failure   Level
 Cause Fear               Hex            0%         N/A       100%        4
 Fireball                 Conj/Fire      0%         3d3       100%        5
 Dragon's Call            Summ           Unusable   N/A       N/A         9

Dungeon Overview and Level Annotations

Branches:
Dungeon (9/15)             Temple (1/1) D:4             Orc (0/2) D:9
   Lair: D:8-11

Altars:
Ashenzari
Cheibriados
Fedhas
Gozag
Hepliaklqana
Kikubaaqudgha
Makhleb
Nemelex Xobeh
Okawaru
Qazlal
Ru
Uskayaw
Wu Jian
Xom
Yredelemnul
Zin
The Shining One

Shops:
D:9 (

Annotations:
D:4 2 transporters, Henri's ghost, novice OpSh


Innate Abilities, Weirdness & Mutations

You have a pair of horns on your head.
You reflexively headbutt those who attack you in melee.


Message History

There is a stone staircase leading down here.
You barely miss the orc. The orc hits you but does no damage.
The orc warrior hits you with a +0 broad axe!
The orc hits you but does no damage.
Unknown command.
You barely miss the orc. The orc hits you but does no damage.
The orc warrior complains repeatedly, as Orcs often do.
The orc warrior hits you with a +0 broad axe!
You block the orc's attack.
Unknown command.
You hit the orc.
The orc is severely wounded.
You block the orc's attack. The orc warrior barely misses you.
The orc closely misses you.
You closely miss the orc.
The orc is severely wounded.
The orc warrior hits you but does no damage.
The orc hits you but does no damage. The orc hits you with a +0 club.
You hit the orc.
You kill the orc!
Okawaru accepts your kill. The orc hits you but does no damage.
The orc warrior hits you but does no damage.
You completely miss the orc. The orc barely misses you.
The orc warrior hits you with a +0 broad axe!
You slash the orc!
You kill the orc!
Okawaru accepts your kill.
The orc warrior hits you with a +0 broad axe!
You fail to use your ability.
The orc warrior hits you with a +0 broad axe!
* * * LOW HITPOINT WARNING * * *
You slash the orc warrior!
The orc warrior is moderately wounded.
The orc warrior hits you with a +0 broad axe!
* * * LOW HITPOINT WARNING * * *
You barely miss the orc warrior. Your headbutt misses the orc warrior.
The orc warrior is moderately wounded.
The orc warrior hits you with a +0 broad axe!
You die...

#.# #.#.... #.# #####.#.###
#.#######.....#.# #
#.#...........#.#
###############.#.#####.###.#.#
.............##.#.# #.###.#.#
############.##...# #..##.#.###
#..........###[o# ##.##.#...#
#.########## #@[# ###.##.#.#.#
#.# ###))# #......#..#. #.#
#....####......###.# #.#
#.##.....[.....# #.# # #.#
#.#######....>## #.# # #.## #.#
#.....# #.# # #..# #.# ###.###
#.# # #..# #.# #.######.# #
#'### #.# #.....##.#


You could see an orc warrior.

Vanquished Creatures
  A steam dragon (D:8)
  Menkaure (D:5)
  2 water moccasins
  2 ice beasts (D:5)
  An orc warrior (D:8)
  A sky beast (D:8)
  5 centaurs
  2 ogres (D:5)
  An elephant zombie (D:7)
  A bullfrog (D:8)
  4 scorpions
  6 wights
  3 killer bees (D:8)
  3 bombardier beetles
  5 hounds
  3 human zombies (D:7)
  2 jellies
  4 orc priests
  A scorpion zombie (D:7)
  A sleepcap (D:3)
  4 iguanas
  2 orc wizards
  A killer bee zombie (D:7)
  An ogre zombie (D:7)
  3 hound zombies (D:7)
  4 howler monkey zombies (D:7)
  8 adders
  A shadow imp (D:8)
  2 white imps
  An adder zombie (D:7)
  2 dart slugs
  3 ribbon worms
  18 orcs
  12 ball pythons
  10 endoplasms
  4 giant cockroaches
  8 goblins
  7 hobgoblins
  6 jackals
  3 kobolds
  2 quokkas
  4 bats
  2 frilled lizards
  5 rats
162 creatures vanquished.

Vanquished Creatures (others)
  2 orc wizards
2 creatures vanquished.

Grand Total: 164 creatures vanquished

Notes
Turn   | Place    | Note
-------+----------+-------------------------------------------
     0 | D:1      | Peloso the Minotaur Fighter began the quest for the Orb.
     0 | D:1      | Reached XP level 1. HP: 19/19 MP: 0/0
   112 | D:1      | Reached XP level 2. HP: 27/27 MP: 1/1
   702 | D:2      | Found a hazy altar of Hepliaklqana.
   824 | D:2      | Reached XP level 3. HP: 29/33 MP: 2/2
   976 | D:2      | Reached skill level 3 in Long Blades
  1176 | D:2      | Reached skill level 1 in Dodging
  1519 | D:3      | Reached XP level 4. HP: 40/40 MP: 3/3
  1601 | D:3      | Found an opulent altar of Gozag.
  1604 | D:3      | Found a blossoming altar of Fedhas.
  1604 | D:3      | Found a glowing silver altar of Zin.
  1608 | D:3      | Found a burning altar of Makhleb.
  1744 | D:3      | Found a sparkling altar of Nemelex Xobeh.
  1745 | D:3      | Found a snail-covered altar of Cheibriados.
  1772 | D:3      | Reached skill level 4 in Long Blades
  2277 | D:4      | Found a staircase to the Ecumenical Temple.
  2314 | Temple   | Entered the Ecumenical Temple
  2363 | D:4      | Reached XP level 5. HP: 29/46 MP: 4/4
  2443 | D:4      | Found a transporter.
  2443 | D:4      | Noticed Henri's ghost (novice OpSh)
  2853 | D:4      | Reached skill level 5 in Long Blades
  2853 | D:4      | Reached skill level 5 in Armour
  2974 | D:4      | Reached XP level 6. HP: 49/53 MP: 5/5
  2988 | D:4      | Noticed a +0 falchion
  2992 | D:4      | Noticed a +0 spear
  2993 | D:4      | Noticed a +0 falchion
  2998 | D:4      | Noticed a +0 short sword
  3003 | D:4      | Noticed a +0 spear
  3007 | D:4      | Noticed a +0 dagger
  3008 | D:4      | Noticed a +0 short sword
  3016 | D:4      | Noticed a +0 dagger
  3083 | D:4      | Found a hide-covered altar of Uskayaw.
  3202 | D:4      | Found a transporter.
  3740 | D:5      | Entered Level 5 of the Dungeon
  3740 | D:5      | Noticed an ice beast
  3748 | D:5      | Killed an ice beast
  3830 | D:5      | Noticed an ice beast
  3846 | D:5      | Reached skill level 6 in Long Blades
  3846 | D:5      | Reached XP level 7. HP: 60/60 MP: 6/6
  3868 | D:5      | Reached skill level 5 in Shields
  4058 | D:5      | Found Peowil's Jewellery Emporium.
  4164 | D:5      | Found an ornate altar of the Wu Jian Council.
  4337 | D:5      | Reached skill level 7 in Long Blades
  4337 | D:5      | Reached skill level 1 in Stealth
  4337 | D:5      | Reached XP level 8. HP: 67/67 MP: 7/7
  4394 | D:5      | Noticed Menkaure
  4403 | D:5      | Killed Menkaure
  4404 | D:5      | Reached skill level 5 in Fighting
  5127 | D:6      | Reached skill level 8 in Long Blades
  5858 | D:7      | Found an iron altar of Okawaru.
  5877 | D:7      | Became a worshipper of Warmaster Okawaru
  6223 | D:7      | Found an ancient bone altar of Kikubaaqudgha.
  6236 | D:7      | Reached XP level 9. HP: 75/75 MP: 8/8
  6294 | D:7      | Reached skill level 9 in Long Blades
  6684 | D:8      | Reached * piety under Okawaru
  6693 | D:8      | Reached skill level 10 in Long Blades
  6938 | D:8      | Found a shimmering altar of Xom.
  6939 | D:8      | Found a hazy altar of Hepliaklqana.
  6940 | D:8      | Noticed a spectral ugly thing
  7827 | D:9      | Found Irchia's Weapon Boutique.
  7827 | D:9      | Found a staircase to the Orcish Mines.
  8006 | D:8      | HP: 2/79 [orc warrior/+0 broad axe (12)]
  8007 | D:8      | Mangled by an orc warrior

Illustrated notes

Levels and vault maps discovered:
D:1:      co_arrival_random_square_maze, layout_rooms
D:2:      layout_loops_ring, basic_altar
D:3:      layout_loops_ring, grunt_temple_overflow_open,
          nicolae_overflow_squiral
D:4:      minmay_spotlight, layout_layer_cave, nicolae_uskayaw_en_pointe,
          minmay_temple_entry_butterflies, gammafunk_ghost_mausoleum
D:5:      layout_loops_cross, nzn_wu_jian_council_hall, serial_shops,
          nicolae_shop_crystal, kennysheep_dice, uniq_menkaure
D:6:      layout_cave_pools, serial_bayou_pond_e, kennysheep_small_square
D:7:      layout_loops_corners, mainiacjoe_overflow_boulevard,
          roadster_capsule_ark_zombie
D:8:      layout_loops_ring, regret_index_temple_of_mockery
D:9:      hangedman_cross_cluster, layout_basic, grunt_dithmenos_shadows,
          orc_david_3, uniq_amaemon
Temple:   nicolae_temple_ecumenical_triangle

Skill      XL: |  1  2  3  4  5  6  7  8  9 |
---------------+----------------------------+-----
Armour         | 4 5 6 7 8 9 |  9.0
Fighting       | 4 5 7 |  7.0
Shields        | 4 5 6 |  6.5
Long Blades    | 3 4 5 6 7 8 10 | 10.8
Dodging        | 1 2 |  2.3
Stealth        | 1 2 |  2.6
Evocations     | |  0.4

Action                     |  1- 3 |  4- 6 |  7- 9 || total
---------------------------+-------+-------+-------++-------
  Melee: Long sword        |    96 |   123 |   345 ||   564
         Headbutt          |     8 |    20 |    87 ||   115
         Scimitar          |       |       |     9 ||     9
 Invoke: Heroism           |       |       |     1 ||     1
  Evoke: Wand              |       |       |     5 ||     5
    Use: Scroll            |     7 |     3 |     4 ||    14
         Potion            |       |       |     2 ||     2
   Stab: Paralysed         |       |       |    11 ||    11
 Armour: Scale mail        |    75 |    24 |       ||    99
         Skin              |     1 |       |       ||     1
         Chain mail        |       |    78 |    17 ||    95
         Plate armour      |       |       |   247 ||   247
  Dodge: Dodged            |    52 |    49 |   123 ||   224
  Block: Buckler           |    14 |    21 |    91 ||   126
